 Dungeon Crawl Stone Soup version 0.19-a0-1225-gf887c1c (webtiles) character file.

47 PurpleRed the Conjurer (level 3, -3/19 HPs)
             Began as a Deep Elf Conjurer on Aug 25, 2016.
             Slain by a giant frog (5 damage)
             ... on level 4 of the Dungeon.
             The game lasted 00:04:06 (486 turns).

PurpleRed the Conjurer (Deep Elf Conjurer)           Turns: 486, Time: 00:04:07

Health: -3/19      AC:  2    Str:  5    XL:     3   Next: 48%
Magic:  0/10       EV: 13    Int: 20    God:
Gold:   38         SH:  0    Dex: 15    Spells: 2 memorised, 7 levels left

rFire  . . .     SeeInvis .     f - +0 spear
rCold  . . .     Gourm    .     a - +0 robe
rNeg   . . .     Faith    .     (no shield)
rPois  .         Spirit   .     (no helmet)
rElec  .         Dismiss  .     (no cloak)
rCorr  .         Reflect  .     (no gloves)
MR     .....     Harm     .     (no boots)
Stlth  ++........               (no amulet)
                                (no ring)
                                (no ring)

@: no status effects
A: no striking features
a: no special abilities


You were on level 4 of the Dungeon.
You were not hungry.

You visited 1 branch of the dungeon, and saw 4 of its levels.

You collected 38 gold pieces.

Inventory:

Hand Weapons
 f - a +0 spear (weapon)
 l - a +0 blowgun
Missiles
 m - 13 poisoned needles
Armour
 a - a +0 robe (worn)
 j - a +0 buckler
Scrolls
 d - a scroll of remove curse {unknown}
 g - a scroll of recharging {unknown}
 h - 2 scrolls of amnesia {unknown}
 i - a scroll of identify {unknown}
 k - a scroll of fear {unknown}
Potions
 e - a potion of might {unknown}
Books
 b - a book of Conjurations

   Spells                             Type                      Level
   a - Magic Dart                     Conjuration                  1
   b - Searing Ray                    Conjuration                  2
   c - Dazzling Spray                 Conjuration/Hexes            3
   d - Fulminant Prism                Conjuration/Hexes            4
   e - Iskenderun's Mystic Blast      Conjuration                  4
   f - Iskenderun's Battlesphere      Conjuration/Charms           5
Comestibles
 c - 3 bread rations


   Skills:
 - Level 2.4 Dodging
 - Level 2.4 Stealth
 + Level 4.0 Spellcasting
 * Level 5.3 Conjurations


You had 7 spell levels left.
You knew the following spells:

 Your Spells              Type           Power        Failure   Level  Hunger
a - Magic Dart            Conj           ####         1%          1    None
b - Searing Ray           Conj           ####..       2%          2    #......


Dungeon Overview and Level Annotations

Branches:
Dungeon (4/15)
 Temple: D:4-7

Altars:


Message History

The giant frog is severely wounded.
You finish channeling your searing ray.
The giant frog misses you.
Casting: Searing Ray
Confirm with . or Enter, or press ? or * to list all spells.
Aiming: Magic Dart
Press: ? - help, Shift-Dir - straight line, f/p - giant frog
Aim: a giant frog (severely wounded)
The magic dart hits the giant frog.
The giant frog is almost dead.
The orc shouts!
The giant frog hits you. x2
Wield which item (- for none, * to show all)? (? for menu, Esc to quit)
f - a +0 spear (weapon)
The giant frog barely misses you. The giant frog barely misses you.
There is a stone staircase leading up here.
The giant frog hits you!
* * * LOW HITPOINT WARNING * * *
The phantom closely misses you. The giant frog hits you.
You die...

... ...... ###
...... ## ..#
.$.... ...
#.##...... ....#
#.........
......#........)
.......WF.......
......).@.o.....
..#.#.##........
#... .........
#.. ##........
#.# ......... #.
.?...#### #
...### ##...


You could see a phantom, a giant frog and an orc.

Vanquished Creatures
  An adder (D:3)
  A gnoll (D:1)
  A worm (D:2)
  A dart slug (D:1)
  An orc (D:3)
  2 ball pythons
  2 goblins (D:1)
  7 jackals
  A giant newt (D:2)
  4 kobolds
  A rat (D:3)
22 creatures vanquished.

Notes
Turn   | Place    | Note
-------+----------+-------------------------------------------
     0 | D:1      | PurpleRed the Deep Elf Conjurer began the quest for the Orb.
     0 | D:1      | Reached XP level 1. HP: 10/10 MP: 6/6
   137 | D:1      | Reached XP level 2. HP: 15/15 MP: 0/8
   146 | D:1      | Learned a level 2 spell: Searing Ray
   186 | D:1      | Reached skill level 5 in Conjurations
   355 | D:2      | Reached XP level 3. HP: 19/19 MP: 5/10
   477 | D:4      | Noticed a giant frog
   478 | D:4      | Noticed a phantom
   486 | D:4      | Slain by a giant frog

Vault maps used:
D:1:      lightli_arrival_boilingwater
D:3:      gammafunk_temple_overflow_pools
D:4:      first_bread

Skill      XL: |  1  2  3 |
---------------+----------+-----
Conjurations   | 5 |  5.3
Spellcasting   | 4 |  4.0
Dodging        | |  2.4
Stealth        | |  2.4

Action                   || total
-------------------------++-------
Melee: Spear             ||    30
 Fire: Blowgun           ||     7
 Cast: Magic Dart        ||    26
       Searing Ray       ||     5
 Stab: Sleeping          ||     1
Armor: Robe              ||     6
Dodge: Dodged            ||    40
